 Dungeon Crawl Stone Soup version 0.28.0-53-g5a82cb258f (webtiles) character file.

Game seed: 1743827054941624089

10432 pkoi the Insei (level 11, 0/89 HPs)
             Began as a Demigod Gladiator on June 2, 2022.
             Succumbed to a black mamba's poison
             ... on level 2 of the Lair of Beasts.
             The game lasted 00:18:57 (14570 turns).

pkoi the Insei (Demigod Gladiator)                 Turns: 14570, Time: 00:18:58

Health: 0/89       AC: 14    Str: 17    XL:     11   Next: 14%
Magic:  19/19      EV: 13    Int: 22    God:
Gold:   607        SH:  0    Dex: 15    Spells: 7/16 levels left

rFire   . . .      SeeInvis .   a - +11 trident of Valiance {spect, *Noise rElec rC++ Str+2}
rCold   + + .      Faith    .   (no shield)
rNeg    . . .      Spirit   .   L - +0 troll leather armour
rPois   .          Reflect  .   e - +0 helmet
rElec   +          Harm     .   H - +0 cloak
rCorr   .          Rampage  .   (no gloves)
Will    +....                   g - +1 pair of boots
Stlth   +.........              w - amulet of magic regeneration
HPRegen 1.04/turn               m - +4 ring of protection
MPRegen 0.56/turn               M - ring of wizardry

@: lethally poisoned (0 -> -27)
A: high MP 1, forlorn, divine attributes
a: no special abilities


You were on level 2 of the Lair of Beasts.
You visited 2 branches of the dungeon, and saw 13 of its levels.

You collected 607 gold pieces.

Inventory:

Hand Weapons
 a - the +11 trident of Valiance (weapon) {spect, *Noise rElec rC++ Str+2}
   (You found it on level 9 of the Dungeon)

   When its wielder attacks, the weapon's spirit leaps out and strikes again.
   The spirit shares a part of any damage it takes with its wielder.
   Str:       It affects your strength (+2).
   rC:        It greatly protects you from cold.
   rElec:     It insulates you from electricity.
   *Noise:    It may make noises in combat.
 b - the +3 sling "Punk" {acid, rCorr}
   (You acquired it on level 4 of the Dungeon)

   Any ammunition fired from it is coated in acid, damaging and corroding those
   it strikes.
   rCorr:     It protects you from acid and corrosion.
 d - a +0 dagger of venom
 y - a +4 spear of venom
Missiles
 c - 3 throwing nets (quivered)
 j - 337 stones
 l - 22 poisoned darts
 s - 113 sling bullets
 x - 7 curare-tipped darts
Armour
 e - a +0 helmet (worn)
 g - a +1 pair of boots (worn)
 p - a +0 plate armour
 H - a +0 cloak (worn)
 I - a +0 leather armour
 L - a +0 troll leather armour (worn)
Jewellery
 i - a ring of flight
 k - a ring of protection from fire
 m - a +4 ring of protection (left hand)
 u - a +6 ring of intelligence
 w - an amulet of magic regeneration (around neck)
 M - a ring of wizardry (right hand)
Wands
 f - a wand of iceblast (7)
 r - a wand of paralysis (6)
 t - a wand of charming (10)
 B - a wand of acid (6)
 K - a wand of flame (10)
Scrolls
 q - a scroll of holy word
 A - 3 scrolls of teleportation
 G - a scroll of noise {unknown}
 J - a scroll of magic mapping
Potions
 h - 4 potions of curing
 o - a potion of flight
 v - a potion of lignification {unknown}
 z - 2 potions of might
 C - 2 potions of magic {unknown}
 D - a potion of brilliance
 F - a potion of berserk rage {unknown}


   Skills:
 + Level 5.8 Fighting
 + Level 3.4 Polearms
 + Level 6.2(6.4) Slings
 - Level 2.0(4.4) Throwing
 - Level 6.4 Armour
 + Level 4.3 Dodging
 - Level 7.7 Unarmed Combat
 - Level 3.0 Spellcasting
 + Level 5.8 Hexes
 - Level 3.0 Fire Magic
 - Level 3.0 Air Magic
 + Level 3.0 Evocations


You had 7 spell levels left.
You knew the following spells:

 Your Spells              Type           Power      Damage    Failure   Level
a - Tukima's Dance        Hex            29%        N/A       1%          3
b - Inner Flame           Hex/Fire       22%        N/A       2%          3
q - Swiftness             Air            16%        N/A       5%          3

Your spell library contained the following spells:

 Spells                   Type           Power      Damage    Failure   Level
 Confusing Touch          Hex            29%        N/A       1%          3
 Shock                    Conj/Air       36%        1d5       3%          1
 Dazzling Flash           Conj/Hex       32%        N/A       5%          3
 Cause Fear               Hex            14%        N/A       5%          4
 Magic Dart               Conj           12%        1d3       6%          1
 Call Imp                 Summ           3%         N/A       9%          2
 Searing Ray              Conj           6%         2d4       9%          2
 Mephitic Cloud           Conj/Pois/Air  7%         N/A       12%         3
 Airstrike                Air            8%         N/A       16%         4
 Gell's Gravitas          Tloc           3%         N/A       17%         3
 Lesser Beckoning         Tloc           3%         N/A       17%         3
 Teleport Other           Tloc           3%         N/A       17%         3
 Fulminant Prism          Conj/Hex       8%         3d7       17%         4
 Silence                  Hex/Air        11%        N/A       26%         5
 Yara's Violent Unravell  Hex/Tmut       8%         3d5       43%         5
 Passage of Golubria      Tloc           3%         N/A       47%         4
 Agony                    Necr           3%         N/A       82%         5
 Enfeeble                 Hex            14%        N/A       98%         7
 Discord                  Hex            14%        N/A       100%        8


Dungeon Overview and Level Annotations

Branches:
Dungeon (11/15)            Temple (0/1) D:6            Lair (1/6) D:10
    Orc (0/2) D:10


Innate Abilities, Weirdness & Mutations

You have an increased reservoir of magic. (+10% MP)
You shall have no god before yourself.
Your divine heritage dramatically boosts your attributes as you level up.


Message History

* * * LOW HITPOINT WARNING * * *
You are more poisoned.
The black mamba poisons you!
The elephant tramples you but does no damage.
The elephant trunk-slaps you.
* * * LOW HITPOINT WARNING * * *
The elephant closely misses your +11 trident of Valiance {spect, *Noise rElec rC++ Str+2}.
The elephant trunk-slaps your +11 trident of Valiance {spect, *Noise rElec rC++ Str+2} but does no damage.
Unknown command.
You closely miss the black mamba.
The black mamba is moderately wounded.
Your +11 trident of Valiance {spect, *Noise rElec rC++ Str+2} hits the black mamba.
You feel extremely sick. The black mamba bites you!
* * * LOW HITPOINT WARNING * * *
The elephant closely misses you. The elephant barely misses you.
Unknown command.
You completely miss the elephant.
You feel very sick.
The black mamba bites you but does no damage.
The elephant tramples you but does no damage.
The elephant barely misses you. The black mamba barely misses you.
The elephant misses you.
The elephant trunk-slaps you but does no damage.
Unknown command.
You puncture the elephant!
The elephant is lightly wounded.
You feel very sick. The black mamba bites you!
* * * LOW HITPOINT WARNING * * *
The elephant tramples you but does no damage.
The elephant closely misses you. The black mamba bites you.
* * * LOW HITPOINT WARNING * * *
You are lethally poisoned!
The black mamba poisons you! The elephant closely misses you.
The elephant trunk-slaps you but does no damage.
Blink to where?
Press: ? - help, Dir - move target
As you read the scroll of blinking, it crumbles to dust.
You die...

.P .## ##### ..#
##....######..##
#...§..@.##.#..##.
P.....$.....#....
.............#Y#
.............S§#
..........$..Y##
........#.#.##S#
......##....F.##
......#..####.# .
+.. ....


You could see an elephant, a black mamba, a cane toad and a water moccasin.

Vanquished Creatures
  5 two-headed ogres
  A deep elf pyromancer (D:11)
  2 trolls
  A komodo dragon (Lair:1)
  A hornet (D:6)
  3 shadows
  2 wyverns
  A wraith (D:9)
  7 yaks (D:11)
  A steam dragon (D:9)
  Grum (D:10)
  A water moccasin (Lair:1)
  3 ice beasts
  A sky beast (D:5)
  An ogre (D:6)
  A necrophage (D:7)
  A hornet zombie (D:6)
  2 wolves (D:10)
  3 centaurs
  2 kobold brigands
  2 bullfrogs
  A gnoll sergeant (D:9)
  A wyvern zombie (D:5)
  3 scorpions
  3 killer bees (D:9)
  14 wights
  A howler monkey (D:11)
  4 centaur zombies
  A bullfrog skeleton (D:5)
  A hound (D:4)
  6 orc priests
  A jelly (D:6)
  Ijyb (D:4)
  3 iguanas
  10 orc wizards
  A killer bee zombie (D:7)
  A hound skeleton (D:4)
  A howler monkey zombie (D:11)
  4 gnolls
  8 adders
  A howler monkey skeleton (D:7)
  2 shadow imps (D:6)
  4 white imps (D:7)
  An ufetubus (D:6)
  An adder skeleton (D:2)
  2 dart slugs
  20 orcs
  8 endoplasms
  2 giant cockroaches (D:1)
  10 goblins
  7 hobgoblins
  3 jackals (D:3)
  4 quokkas (D:3)
  8 ball pythons
  4 bats
  4 frilled lizards
  16 kobolds
  7 rats
  A spectral hobgoblin (D:1)
212 creatures vanquished.

Vanquished Creatures (others)
  2 fungi (D:8)
2 creatures vanquished.

Grand Total: 214 creatures vanquished

Notes
Turn   | Place    | Note
-------+----------+-------------------------------------------
     0 | D:1      | pkoi the Demigod Gladiator began the quest for the Orb.
     0 | D:1      | Reached XP level 1. HP: 17/17 MP: 3/3
   547 | D:1      | Reached XP level 2. HP: 17/24 MP: 4/4
   785 | D:1      | Reached skill level 3 in Unarmed Combat
  1274 | D:1      | Reached XP level 3. HP: 29/29 MP: 5/5
  2260 | D:2      | Reached skill level 4 in Unarmed Combat
  2642 | D:3      | Reached XP level 4. HP: 25/36 MP: 6/6
  4556 | D:4      | Reached XP level 5. HP: 23/42 MP: 7/7
  4839 | D:4      | Identified a scroll of acquirement
  4839 | D:4      | Acquired the +3 sling "Punk" {acid, rCorr}
  4839 | D:4      | Found the +3 sling "Punk" {acid, rCorr}
  5292 | D:4      | Reached skill level 1 in Armour
  5407 | D:4      | Noticed Ijyb
  5426 | D:4      | Killed Ijyb
  5427 | D:4      | Reached skill level 5 in Unarmed Combat
  5507 | D:4      | Reached XP level 6. HP: 41/50 MP: 8/8
  5512 | D:4      | Learned a level 3 spell: Tukima's Dance
  6039 | D:5      | Entered Level 5 of the Dungeon
  6231 | D:5      | Reached skill level 1 in Slings
  6231 | D:5      | Reached skill level 1 in Hexes
  6260 | D:5      | Reached skill level 1 in Spellcasting
  6360 | D:5      | Reached XP level 7. HP: 57/57 MP: 11/11
  7101 | D:5      | Reached skill level 6 in Unarmed Combat
  7780 | D:6      | Reached XP level 8. HP: 46/63 MP: 14/14
  7917 | D:6      | Noticed a hornet
  7921 | D:6      | Paralysed by a hornet for 2 turns
  7928 | D:6      | Killed a hornet
  8563 | D:6      | Found a staircase to the Ecumenical Temple.
  8962 | D:7      | Identified the +2 shortbow "Ten Bapa" {flame, rN+ Str+4
                  | Dex+4}
  9382 | D:8      | Learned a level 3 spell: Inner Flame
  9386 | D:8      | Learned a level 3 spell: Swiftness
  9396 | D:8      | Reached skill level 7 in Unarmed Combat
  9518 | D:8      | Identified the +9 war axe "Kucworyrch" {vorpal, Drain rF+++
                  | rC+ Str+4}
 10081 | D:9      | Noticed a cacodemon
 10087 | D:9      | Noticed a two-headed ogre
 10100 | D:9      | Killed a two-headed ogre
 10101 | D:9      | Reached skill level 1 in Fire Magic
 10101 | D:9      | Reached skill level 1 in Air Magic
 10101 | D:9      | Reached XP level 9. HP: 7/70 MP: 16/16
 10448 | D:9      | HP: 3/71 [killer bee (5)]
 10880 | D:9      | Reached skill level 5 in Armour
 11094 | D:9      | Identified the +11 trident of Valiance {spect, *Noise rElec
                  | rC++ Str+2}
 11114 | D:9      | Noticed a two-headed ogre
 11121 | D:9      | Killed a two-headed ogre
 11175 | D:9      | You fall into a shaft and drop 1 floor!
 11175 | D:10     | Entered Level 10 of the Dungeon
 11192 | D:10     | Reached XP level 10. HP: 47/80 MP: 17/17
 11199 | D:10     | Reached skill level 5 in Slings
 11865 | D:10     | Noticed a two-headed ogre
 11868 | D:10     | Killed a two-headed ogre
 11869 | D:10     | Reached skill level 1 in Polearms
 12417 | D:10     | Noticed Grum
 12426 | D:10     | Killed Grum
 12428 | D:10     | Reached skill level 5 in Fighting
 12723 | D:10     | Found a staircase to the Orcish Mines.
 12744 | D:10     | Found a staircase to the Lair.
 12830 | D:10     | Reached skill level 5 in Hexes
 13122 | D:11     | Reached skill level 1 in Evocations
 13198 | D:11     | Noticed a two-headed ogre
 13204 | D:11     | Noticed a two-headed ogre
 13207 | D:11     | Killed a two-headed ogre
 13212 | D:11     | Killed a two-headed ogre
 13772 | D:11     | Noticed a cyclops
 13772 | D:11     | Noticed a deep elf pyromancer
 13774 | D:11     | Killed a deep elf pyromancer
 13775 | D:11     | Reached XP level 11. HP: 56/89 MP: 19/19
 13918 | D:11     | Noticed a seven-headed hydra
 13925 | D:11     | Noticed a five-headed hydra
 14101 | Lair:1   | Entered Level 1 of the Lair of Beasts
 14557 | Lair:1   | You fall into a shaft and drop 1 floor!
 14570 | Lair:2   | Succumbed to a black mamba's poison

Illustrated notes

Levels and vault maps discovered:
D:1:      ebering_trefoil_3fold, layout_basic,
          dreamdust_ecumenical_altar_drowned_temple, serial_glass,
          glass_columns_a, glass_columns_a
D:2:      layout_basic, chequers_serial_rivers_micro_b
D:3:      layout_basic, tgw_xom
D:4:      layout_loops_ring, uniq_ijyb
D:5:      layout_cave_pods, general_overflow_altar, lemuel_crystal_altar,
          item_on_display_a
D:6:      layout_basic, okawaru_ov_weapons_minmay, zin_treasury,
          minmay_temple_entry_crystal_x, roderic_lattice_a
D:7:      layout_rooms, nicolae_gozag_seed_capital, serial_bayou_pond_e
D:8:      layout_cave_pods, fedhas_altar_3, mainiacjoe_overflow_alcove_4
D:9:      layout_long_grid, makhleb_altar_promises_db, grunt_ministairs_3,
          small_chamber_with_monster, kennysheep_path_1,
          chequers_serial_rivers_small_a, hangedman_decor_clover_reticule,
          st_stairs_11, uniq_erica
D:10:     layout_layer_cave, mainiacjoe_overflow_tiny_flanked, led_sif_book,
          tso_metal_star, lair_entry_dummy, orc_0_dummy, uniq_grum
D:11:     minmay_clustersquares, layout_loops_ring
Lair:1:   layout_regular_city
Lair:2:   layout_cave_pods, nicolae_swamp_entry_splash_gauntlet,
          grunt_megastairs_1, uniq_nergalle

Skill      XL: |  1  2  3  4  5  6  7  8  9 10 11 |
---------------+----------------------------------+-----
Fighting       | 2 3 4 5 |  5.8
Throwing       | 2 |  2.0
Unarmed Combat | 3 4 5 6 7 |  7.7
Dodging        | 3 4 |  4.3
Armour         | 1 2 3 4 5 6 |  6.4
Slings         | 1 2 4 6 |  6.2
Hexes          | 1 2 3 4 5 |  5.8
Spellcasting   | 1 2 3 |  3.0
Fire Magic     | 1 3 |  3.0
Air Magic      | 1 3 |  3.0
Polearms       | 3 |  3.4
Evocations     | 2 3 |  3.0

Action                   |  1- 3 |  4- 6 |  7- 9 | 10-12 || total
-------------------------+-------+-------+-------+-------++-------
Melee: Unarmed           |    52 |    21 |    37 |       ||   110
       Punch             |     3 |     6 |     2 |     3 ||    14
       Dagger            |   109 |   127 |     2 |       ||   238
       Fustibalus        |       |       |     1 |       ||     1
       Trident           |       |       |     2 |    62 ||    64
 Fire: Fustibalus        |       |    37 |   217 |    42 ||   296
  Use: Scroll            |     1 |     6 |     3 |     4 ||    14
       Potion            |       |     3 |     3 |     1 ||     7
 Stab: Distracted        |       |       |       |     1 ||     1
Armor: Leather armour    |    49 |    51 |    13 |    18 ||   131
       Plate armour      |       |       |    27 |       ||    27
       Troll leather arm |       |       |       |    10 ||    10
Dodge: Dodged            |   123 |   104 |    50 |    47 ||   324
